 Dungeon Crawl Stone Soup version 0.20-a0-651-g496bc70 (webtiles) character file.

385 AlphabetPasta the Caller (level 7, 0/41 HPs)
             Began as a Halfling Summoner on Feb 15, 2017.
             Was an Initiate of Ashenzari.
             Slain by a gnoll sergeant
             ... wielding a +0 spear
              (12 damage)
             ... on level 3 of the Dungeon on Feb 16, 2017.
             The game lasted 00:24:09 (4701 turns).

AlphabetPasta the Caller (Halfling Summoner)        Turns: 4701, Time: 00:24:09

Health: 0/41       AC:  6    Str:  9    XL:     7   Next: 6%
Magic:  7/11       EV: 16    Int: 14    God:    Ashenzari [......]
Gold:   118        SH:  0    Dex: 16    Spells: 5/11 levels left

rFire    . . .     SeeInvis .   e - +1 dagger
rCold    + . .     Gourm    .   a - +0 robe
rNeg     . . .     Faith    .   (shield restricted)
rPois    .         Spirit   .   (no helmet)
rElec    .         Reflect  .   (no cloak)
rCorr    .         Harm     .   f - +2 pair of gloves
MR       .....                  i - +0 pair of boots
Stlth    +++.......             (no amulet)
Regen    0.2/turn               (no ring)
MPRegen  0.2/turn               r - ring of protection from cold

@: no status effects
A: mutation resistance 1
a: Curse Item, Renounce Religion


You were on level 3 of the Dungeon.
You worshipped Ashenzari.
Ashenzari was noncommittal.
You were not hungry.

You visited 1 branch of the dungeon, and saw 3 of its levels.

You collected 118 gold pieces.

Inventory:

Hand Weapons
 e - a +1 dagger (weapon)
 q - a +0 long sword
Armour
 a - a +0 robe (worn)
 f - a +2 pair of gloves (worn)
 i - a +0 pair of boots (worn)
Jewellery
 r - a ring of protection from cold (left hand)
Scrolls
 j - a scroll of fog {unknown}
 l - 2 scrolls of remove curse
 m - a scroll of amnesia
 o - a scroll of immolation {unknown}
 p - 2 scrolls of identify
 t - a scroll of teleportation
Potions
 g - a potion of agility
 h - a potion of magic
Books
 b - a book of Callings

   Spells                             Type                      Level
   a - Summon Small Mammal            Summoning                    1
   b - Call Imp                       Summoning                    2
   c - Call Canine Familiar           Summoning                    3
   d - Summon Guardian Golem          Hexes/Summoning              3
   e - Summon Lightning Spire         Summoning/Air                4
   f - Summon Ice Beast               Ice/Summoning                4
Comestibles
 c - 3 bread rations
 d - 2 meat rations
 s - a royal jelly


   Skills:
 + Level 2.4 Short Blades
 + Level 3.4 Dodging
 + Level 3.6 Stealth
 + Level 2.9 Spellcasting
 * Level 4.7 Summonings


You had 5 spell levels left.
You knew the following spells:

 Your Spells              Type           Power        Failure   Level  Hunger
a - Summon Small Mammal   Summ           ###.         3%          1    #......
b - Call Imp              Summ           ###.....     6%          2    ##.....
c - Call Canine Familiar  Summ           ###.....     12%         3    ###....


Dungeon Overview and Level Annotations

Branches:
Dungeon (3/15)

Altars:
Ashenzari
Dithmenos
Yredelemnul


Innate Abilities, Weirdness & Mutations

You are small and have problems with some larger weapons.
You are somewhat resistant to further mutation.


Message History

The gnoll sergeant is lightly wounded.
Your hound barely misses the gnoll sergeant.
The gnoll sergeant hits you with a spear!
* * * LOW HITPOINT WARNING * * *
Your crimson imp hits the gnoll sergeant but does no damage.
Your hound bites the gnoll sergeant but does no damage.
You feel better. The gnoll sergeant barely misses you.
Your hound bites the gnoll sergeant.
Your crimson imp hits the gnoll sergeant.
You closely miss the gnoll sergeant.
The gnoll sergeant is moderately wounded.
Your hound barely misses the gnoll sergeant.
The gnoll sergeant hits you with a spear.
* * * LOW HITPOINT WARNING * * *
Your crimson imp closely misses the gnoll sergeant.
Your hound barely misses the gnoll sergeant.
You hit the gnoll sergeant.
The gnoll sergeant is heavily wounded.
The gnoll sergeant hits you with a spear!
You die...

...............................##
.................................
..#.#.(..<....#.....<...........#
..#.##.#...####..................
..#.##..........................#
#.(.###.#.#.###..###.....#.##.#+#
#.#.# ##.#.## #5.###.#...........
..#.# #.###.# ##g................
....# ##.#.## #.@h...............
.).<# #.#.#.# #.................#
#.#.# ##.#.## #...........#.....#
..#.# #.###.# ##.).###.####...#.#
...g# ##.#.## #....##............
....# #.#.#.# #....##......##....
....# ##.#.## #.)..##......##....
....# #.###.# ##...#############.
....# ##.#.## #...#8###⌠###8###.


You could see a gnoll sergeant, a friendly hound and a friendly crimson imp.

Vanquished Creatures
  An orc wizard (D:3)
  11 gnolls (D:3)
  An adder (D:2)
  2 adder skeletons (D:2)
  3 dart slugs
  4 leopard geckos
  2 orcs (D:3)
  2 bat skeletons (D:2)
  A giant cockroach (D:3)
  9 goblins
  5 hobgoblins
  8 jackals
  A quokka (D:2)
  8 bats
  3 kobolds
  8 rats
69 creatures vanquished.

Vanquished Creatures (collateral kills)
  Sigmund (D:3)
  13 gnolls
  3 adders (D:3)
  2 worms (D:2)
  2 orcs (D:3)
  2 ball pythons
  A giant cockroach (D:1)
  2 goblins (D:1)
  A hobgoblin (D:1)
  8 jackals
  4 kobolds
  3 rats
42 creatures vanquished.

Grand Total: 111 creatures vanquished

Notes
Turn   | Place    | Note
-------+----------+-------------------------------------------
     0 | D:1      | AlphabetPasta the Halfling Summoner began the quest for the Orb.
     0 | D:1      | Reached XP level 1. HP: 11/11 MP: 3/3
   212 | D:1      | Reached XP level 2. HP: 17/17 MP: 4/4
   216 | D:1      | Learned a level 2 spell: Call Imp
   478 | D:1      | Learned a level 2 spell: Call Imp
   855 | D:1      | Reached XP level 3. HP: 16/21 MP: 1/5
  1187 | D:1      | Learned a level 3 spell: Call Canine Familiar
  1514 | D:2      | Reached XP level 4. HP: 9/27 MP: 2/7
  1877 | D:2      | Found a basalt altar of Yredelemnul.
  1899 | D:2      | Reached skill level 1 in Short Blades
  2427 | D:2      | Reached skill level 4 in Summonings
  2434 | D:2      | Reached XP level 5. HP: 23/31 MP: 2/8
  3040 | D:3      | Noticed Sigmund
  3055 | D:3      | Killed Sigmund
  3055 | D:3      | Reached XP level 6. HP: 36/36 MP: 4/9
  3904 | D:3      | Found a shattered altar of Ashenzari.
  3906 | D:3      | Found a shadowy altar of Dithmenos.
  3917 | D:3      | Became a worshipper of Ashenzari the Shackled
  4335 | D:3      | Reached XP level 7. HP: 25/41 MP: 4/11
  4701 | D:3      | Slain by a gnoll sergeant

Vault maps used:
D:1:      minmay_arrival_checkered_box
D:2:      yredelemnul_altar_generic, serial_undead, serial_undead_e,
          serial_undead_e, serial_undead_a, serial_undead_c, first_bread,
          st_stairs_6
D:3:      lemuel_castle_with_subvaults,
          chequers_temple_overflow_statue_of_worship, serial_corexii_hall,
          corexii_hall_statues_l, corexii_hall_statues_i, interstate_on_off,
          roderic_roman_lattice, uniq_sigmund, uniq_iyjb

Skill      XL: |  1  2  3  4  5  6 |
---------------+-------------------+-----
Spellcasting   | 2 |  2.9
Short Blades   | 1 2 |  2.4
Summonings     | 4 |  4.7
Dodging        | 3 |  3.4
Stealth        | 3 |  3.6

Action                   |  1- 3 |  4- 6 |  7- 9 || total
-------------------------+-------+-------+-------++-------
Melee: Dagger            |    91 |   346 |    15 ||   452
       Unarmed           |     7 |       |       ||     7
 Cast: Summon Small Mamm |     8 |     2 |       ||    10
       Call Imp          |     4 |     3 |     2 ||     9
       Call Canine Famil |     2 |    16 |     2 ||    20
  Use: Scroll            |     6 |     5 |       ||    11
       Potion            |       |     2 |     1 ||     3
 Stab: Sleeping          |     4 |     4 |       ||     8
       Distracted        |     1 |     1 |       ||     2
  Eat: Chunk             |     2 |    13 |     2 ||    17
Armor: Robe              |    24 |    92 |     2 ||   118
Dodge: Dodged            |    77 |   255 |     8 ||   340
